 Dungeon Crawl Stone Soup version 0.17.0-24-gcfadda4 (webtiles) character file.

37 oplop the Insei (level 3, -2/24 HPs)
             Began as an Octopode Transmuter on Nov 17, 2015.
             Slain by a kobold (3 damage)
             ... on level 2 of the Dungeon.
             The game lasted 00:01:40 (1001 turns).

oplop the Insei (Octopode Transmuter)               Turns: 1001, Time: 00:01:41

Health: -2/24      AC:  1    Str: 10    XL:     3   Next: 41%
Magic:  6/6        EV: 12    Int: 15    God:
Gold:   79         SH:  0    Dex: 12    Spells: 2 memorised, 3 levels left

rFire  + . .     SeeInvis .       - Unarmed
rCold  . . .     Clarity  .     (no shield)
rNeg   . . .     SustAt   .     (helmet restricted)
rPois  .         Gourm    .     (no amulet)
rElec  .         Spirit   .     f - ring of protection from fire
rCorr  .         Warding  .     (no ring)
rMut   .         Stasis   .     (no ring)
MR     .....                    (no ring)
Stlth  ++........               (no ring)
                                (no ring)
                                (no ring)
                                (no ring)

@: lethally poisoned (-2 -> -7), very slightly contaminated, invisible, not
resistant to hostile enchantments, unstealthy
A: almost no armour, amphibious, 8 rings, constrict 8, camouflage 1, gelatinous
body 1
a: no special abilities


You were on level 2 of the Dungeon.
You were not hungry.

You visited 1 branch of the dungeon, and saw 2 of its levels.

You collected 79 gold pieces.

Inventory:

Missiles
 a - 78 arrows
Jewellery
 f - a ring of protection from fire (left tentacle)
Scrolls
 d - a scroll of random uselessness {unknown}
 e - 3 scrolls of identify {unknown}
 g - 2 scrolls of amnesia {unknown}
 h - a scroll of recharging {unknown}
 i - a scroll of enchant weapon {unknown}
 p - a scroll of remove curse {unknown}
Potions
 o - a potion of agility {unknown}
Books
 b - a book of Changes

   Spells                             Type                      Level
   a - Beastly Appendage              Transmutation                1
   b - Sticks to Snakes               Transmutation                2
   c - Spider Form                    Transmutation/Poison         3
   d - Ice Form                       Ice/Transmutation            4
   e - Blade Hands                    Transmutation                5
Comestibles
 c - 2 bread rations
 l - a slice of pizza
 m - 3 chunks of flesh
 n - 2 meat rations


   Skills:
 + Level 1.8 Fighting
 - Level 2.0 Dodging
 + Level 3.3 Unarmed Combat
 + Level 2.3 Spellcasting
 + Level 2.5 Transmutations


You had 3 spell levels left.
You knew the following spells:

 Your Spells              Type           Power        Failure   Level  Hunger
a - Beastly Appendage     Trmt           #.....       10%         1    #......
b - Sticks to Snakes      Trmt           #.........   12%         2    ###....


Dungeon Overview and Level Annotations

Branches:
Dungeon (2/15)

Altars:


Innate Abilities, Weirdness & Mutations

You cannot wear most types of armour.
You are amphibious.
You can wear up to eight rings at the same time.
You can use your tentacles to constrict eight enemies at once.
Your skin changes colour to match your surroundings (Stealth).
Your rubbery body absorbs attacks (AC +1).


Message History

You tentacle-slap the adder.
You pierce the adder.
The adder is almost dead.
Your tentacle spike disappears.
You constrict the adder.
* * * LOW HITPOINT WARNING * * *
You feel sick. The bat hits you.
* * * LOW HITPOINT WARNING * * *
The adder barely misses you. The kobold closely misses you.
Drink which item? (? for menu, Esc to quit)
It was a potion of invisibility.
You fade into invisibility!
You constrict the adder.
You kill the adder!
The bat hits you but does no damage. The kobold closely misses you.
You are very lightly contaminated with residual magic.
Drink which item? (? for menu, Esc to quit)
It was a potion of magic.
Magic courses through your body.
* * * LOW HITPOINT WARNING * * *
You feel sick. The bat barely misses you. The kobold hits you.
You die...

#.####### .....# #.#
.....# #.# ...<# #.#
....# #.# # #.#.#
#.####### #.###.#.#
#........
#.!..K#.####..######
#..b@(.).(....#
#.##.########.# #$#
.# #.# .# #.# .# #.#
># ... .# #.#


You could see a bat and a kobold.

Vanquished Creatures
  An adder (D:2)
  2 bats
  7 goblins
  A hobgoblin (D:1)
  2 jackals (D:1)
  A quokka (D:2)
  A ball python (D:2)
  A giant gecko (D:1)
  A giant newt (D:2)
  5 kobolds
  4 rats (D:1)
26 creatures vanquished.

Notes
Turn   | Place    | Note
--------------------------------------------------------------
     0 | D:1      | oplop the Octopode Transmuter began the quest for the Orb.
     0 | D:1      | Reached XP level 1. HP: 13/13 MP: 3/3
   180 | D:1      | Reached XP level 2. HP: 18/18 MP: 3/5
   858 | D:1      | Learned a level 2 spell: Sticks to Snakes
   938 | D:2      | Reached XP level 3. HP: 16/24 MP: 6/6
  1001 | D:2      | HP: 1/24 [poisoned by an adder]
  1001 | D:2      | Slain by a kobold

Action                   || total
-------------------------++-------
Melee: Unarmed           ||    50
 Cast: Beastly Appendage ||    21
  Use: Potion            ||     2
 Stab: Sleeping          ||     4
  Eat: Chunk             ||     1
